Map: Ruins of Endion

Players

Miszu - Winner!

  • Race: Terran Terran
  • League: Master

roxgodMOD

  • Race: Terran Terran
  • League: Master

VOD

Have the link to the VOD?

Description

Time

  • Played on: July 3, 2016, 11:13 a.m.
  • Length: 6:37
Show
View Real Time Build Order
Export as new Build Order

Miszu Terran - Winner!

Build Orders:  

Get SALT Encoding   

  12  0:01  SCV  
  13  0:13  SCV  
  14  0:17  Supply Depot  
  14  0:25  SCV  
  15  0:39  SCV  
  15  0:40  Barracks  
  16  0:44  Refinery  
  16  0:51  SCV  
  17  1:02  Barracks  
  17  1:04  SCV  
  18  1:16  SCV  
  19  1:28  Reaper  
  19  1:29  Orbital Command  
  20  1:33  Supply Depot  
  20  1:49  Reaper  
  21  1:55  SCV  
  22  2:03  Reaper  
  22  2:08  SCV  
  24  2:14  Command Center  
  24  2:20  SCV  
  24  2:21  Reaper  
  26  2:35  SCV  
  27  2:39  Refinery  
  27  2:41  Reaper  
  28  2:45  Barracks  
  28  2:47  SCV  
  29  3:05  SCV  
  27  3:06  Barracks Tech Lab  
  27  3:14  Engineering Bay  
  27  3:17  Barracks Reactor, SCV  
  28  3:23  Barracks Tech Lab  
  28  3:29  SCV  
  28  3:32  Marine  
  28  3:33  Factory, Orbital Command  
  30  3:41  Marine, SCV  
  30  3:49  Missile Turret  
  30  3:52  Missile Turret  
  30  3:53  Marine  
  30  3:54  Marine x2  
  30  3:55  Missile Turret  
  33  3:58  SCV  
  33  3:59  Marine, SCV  
  36  4:04  Stimpack  
  36  4:10  SCV  
  36  4:11  Marine  
  36  4:12  Marine  
  36  4:13  SCV  
  40  4:20  Starport  
  39  4:25  Factory Reactor  
  39  4:27  Marine  
  38  4:32  Marine x2  
  38  4:33  SCV x2  
  41  4:39  Marine  
  41  4:43  Refinery  
  41  4:45  Supply Depot, Marine, SCV  
  43  4:46  SCV  
  43  4:49  Marine  
  46  4:56  Supply Depot  
  46  5:06  Marine x3, SCV x2  
  51  5:07  Marine  
  51  5:11  Medivac, Factory Tech Lab  
  54  5:18  Medivac, SCV x2  
  54  5:20  Supply Depot  
  58  5:24  Marine x3  
  61  5:31  SCV  
  62  5:42  Supply Depot, Marine x2, SCV  
  65  5:43  SCV  
  65  5:47  Supply Depot  
  66  5:52  Marine x2  
  66  5:53  Siege Tank  
  70  6:03  Marine x2, Medivac  
  70  6:04  SCV x2  
  76  6:05  Supply Depot  
  76  6:08  Refinery  
  76  6:09  Marine  
  77  6:11  Supply Depot  
  77  6:14  Marine  
Show
View Real Time Build Order
Export as new Build Order

roxgodMOD Terran 

Build Orders: 1/1/1, Banshee Rush 

Get SALT Encoding   

  12  0:00  SCV  
  13  0:13  SCV  
  14  0:18  Supply Depot  
  14  0:25  SCV  
  15  0:29  Refinery  
  15  0:39  SCV  
  16  0:46  Barracks  
  16  0:52  SCV  
  17  1:04  SCV  
  17  1:05  Refinery  
  18  1:16  SCV  
  19  1:32  Orbital Command  
  19  1:33  Marine  
  20  1:40  Factory  
  20  1:50  Marine  
  21  1:54  Supply Depot  
  21  1:58  SCV  
  22  2:08  Marine  
  23  2:16  SCV  
  24  2:25  Starport  
  24  2:28  SCV  
  24  2:29  Marine, Factory Tech Lab  
  26  2:40  Supply Depot, SCV  
  27  2:47  Marine  
  28  2:52  SCV  
  28  3:04  SCV  
  27  3:08  Marine  
  28  3:13  Banshee  
  28  3:14  Cloaking Field, Factory Tech Lab  
  28  3:16  SCV  
  32  3:26  Supply Depot  
  32  3:30  Marine  
  32  3:31  SCV  
  32  3:32  Siege Tank  
  37  3:43  SCV  
  38  3:51  Supply Depot, Barracks Reactor  
  38  4:00  SCV  
  38  4:01  Raven  
  41  4:16  SCV  
  42  4:17  Command Center  
  42  4:32  SCV  
  42  4:36  Marine  
  42  4:37  Marine, Siege Tank  
  45  4:52  Barracks x2  
  45  4:53  SCV  
  45  4:54  Marine x2  
  45  4:58  Medivac  
  50  5:02  Supply Depot  
  50  5:05  SCV  
  51  5:09  Siege Tank  
  51  5:13  Marine  
  55  5:23  Marine  
  55  5:25  SCV  
  57  5:29  Orbital Command  
  57  5:31  Marine  
  57  5:34  Starport Reactor  
  58  5:41  Marine  
  58  5:42  Barracks Reactor  
  59  5:45  Marine  
  59  5:48  Orbital Command  
  59  5:49  Marine, Siege Tank  
  64  5:50  SCV  
  65  5:58  Refinery  
  65  6:02  Supply Depot, SCV  
  65  6:03  Refinery  
  66  6:11  Marine x2  
  66  6:14  Marine  
  66  6:18  Marine  
Tags
 
Add a new tag
Caveats
  • Supply blocks, unpowered buildings, or Contaminate may cause inaccurate times.
  • Supply counts are checked every 10 seconds.